 Dungeon Crawl Stone Soup version 0.23.2-40-g277498a001 (webtiles) character file.

Game seed: 17526277278846449725

19957 Emblim88 the Grappler (level 12, -14/126 HPs)
             Began as a Troll Berserker on Oct 10, 2019.
             Was the Champion of Trog.
             Killed from afar by a deep elf mage (38 damage)
             ... with a bolt of lightning
             ... on level 13 of the Dungeon on Oct 11, 2019.
             The game lasted 00:46:40 (11433 turns).

Emblim88 the Grappler (Troll Berserker)            Turns: 11433, Time: 00:46:40

Health: -14/126    AC:  8    Str: 32    XL:     12   Next: 41%
Magic:  11/11      EV: 12    Int:  3    God:    Trog [******]
Gold:   686        SH: 12    Dex:  9    Spells: 11/11 levels left

rFire    x . .     SeeInvis .     - Unarmed
rCold    + . .     Gourm    +   y - +1 shield
rNeg     . . .     Faith    +   M - +2 robe {Archmagi}
rPois    .         Spirit   .   (helmet restricted)
rElec    .         Reflect  .   F - scarf {repulsion}
rCorr    .         Harm     .   (gloves unavailable)
MR       .....                  (boots unavailable)
Stlth    +.........             G - amulet of faith
HPRegen  0.71/turn              w - ring of ice
MPRegen  0.12/turn              E - ring of flight

@: berserk cooldown, slowed, repel missiles, very slow
A: large, unfitting armour, claws 3, fast metabolism 3, gourmand, regeneration
1, shaggy fur 1, tough skin 3
a: Berserk, Trog's Hand, Brothers in Arms, Renounce Religion, Evoke Flight


You were on level 13 of the Dungeon.
You worshipped Trog.
Trog was exalted by your worship.
You were very hungry.

You visited 1 branch of the dungeon, and saw 13 of its levels.

You collected 826 gold pieces.
You spent 140 gold pieces at shops.

Inventory:

Hand Weapons
 p - a +3 longbow of flaming
 s - a +4 antimagic war axe
 D - a +6 antimagic lajatang
 R - a +4 fustibalus of freezing
Missiles
 c - 56 poisoned needles (quivered)
 u - 18 arrows
Armour
 k - a +2 robe of cold resistance
 y - a +1 shield (worn)
 F - a scarf of repulsion (worn)
 M - a +2 robe of the Archmagi (worn)
Jewellery
 w - a ring of ice (left claw)
 E - a ring of flight (right claw)
 G - an amulet of faith (around neck)
 S - an uncursed amulet of magic regeneration
Wands
 d - a wand of polymorph (10)
 l - a wand of random effects (18)
 r - a wand of flame (12)
 t - a wand of digging (3)
 L - a wand of paralysis (2)
 N - a wand of scattershot (8)
 O - a wand of enslavement (9)
 P - a wand of iceblast (11)
 Q - a wand of disintegration (19)
Scrolls
 a - 2 scrolls of vulnerability
 g - 2 scrolls of fear
 h - 2 scrolls of blinking
 i - 3 scrolls of fog
 j - a scroll of immolation
 m - a scroll of magic mapping
 o - 3 scrolls of enchant weapon
 J - 3 scrolls of enchant armour
Potions
 f - a potion of cancellation {unknown}
 q - a potion of mutation {unknown}
 v - a potion of flight {unknown}
 x - a potion of haste
 z - 2 potions of magic
 C - 3 potions of degeneration
 H - 3 potions of resistance
 I - a potion of ambrosia
 K - a potion of berserk rage
Comestibles
 b - 19 rations


   Skills:
 * Level 9.7 Fighting
 - Level 0.3 Staves
 + Level 7.8 Dodging
 - Level 0.3 Stealth
 * Level 6.9 Shields
 * Level 12.9 Unarmed Combat


You had 11 spell levels left.
You didn't know any spells.
Your spell library was empty.

Dungeon Overview and Level Annotations

Branches:
Dungeon (13/15)            Temple (0/1) D:4            Lair (0/6) D:9
    Orc (0/2) D:11
 Vaults: D:13-14

Altars:
Cheibriados
Dithmenos
Hepliaklqana
Makhleb
Nemelex Xobeh
Okawaru
Ru
Sif Muna
Wu Jian
Yredelemnul
Beogh

Shops:
D:6 *([:(   D:11 :

Annotations:
D:4 3 runed translucent doors, Descartes's ghost, amateur FeTm; Gildeon's ghost, amateur MiFi; mechatronicus's ghost, amateur MiMo
D:9 2 transporters, zeroring's ghost, novice FeTm


Innate Abilities, Weirdness & Mutations

You are too large for most types of armour.
You have claws for hands.
Your metabolism is lightning-fast.
You like to eat raw meat.
Your natural rate of healing is unusually fast.
You are covered in fur. (AC +1)
You have extremely tough skin. (AC +3)


Message History

You hear a shout! x2
A red film seems to cover your vision as you go berserk!
You feel yourself moving faster!
You feel mighty!
You are feeling very hungry.
The centaur warrior zombie hits you.
The very large slime creature hits you!!!
* * * LOW HITPOINT WARNING * * *
You are too berserk!
You feel a strong urge to attack something.
You feel your anger nearly subside.
You are no longer berserk.
You are exhausted.
You feel yourself slow down.
A deep elf mage comes into view. It is wielding a +0 long sword.
The centaur warrior zombie hits you.
* * * LOW HITPOINT WARNING * * *
There is a stone staircase leading up, spattered with blood here.
You block the centaur warrior zombie's attack.
The deep elf mage gestures at you while chanting.
The bolt of lightning hits you!!!
You die...

$..#. ..##
#.#.####...
####.....
[.#
.>......##.#
#....# .##
#....#
)....##.J..#
#....Z..#
#####@###
#.# ...
..#.e ...
.#. .#.#
#### ..#. ##
#.


You could see a very large slime creature, a deep elf mage and a centaur warrior
zombie.

Vanquished Creatures
  Nessos (D:12)
  Fannar (D:12)
  A two-headed ogre (D:10)
  A skeletal warrior (D:10)
  An unseen horror (D:11)
  5 ugly things (D:12)
  3 slime creatures
  A komodo dragon (D:8)
  2 trolls
  A hornet (D:12)
  2 hippogriffs
  6 shadows
  4 yaks (D:10)
  4 flying skulls (D:10)
  Sigmund (D:5)
  5 wraiths
  A golden eye (shapeshifter) (D:3)
  2 hungry ghosts
  Menkaure (D:6)
  An acid dragon (D:8)
  5 porcupines (D:9)
  2 water moccasins (D:11)
  Duvessa (D:6)
  9 orc warriors
  5 ice beasts
  2 black bears (D:9)
  4 phantoms
  3 sky beasts
  4 ogres
  4 centaurs
  4 big kobolds
  7 bullfrogs
  A gnoll sergeant (D:9)
  Dowan (D:6)
  2 water moccasin skeletons (D:10)
  3 wyvern zombies
  5 scorpions
  15 killer bees
  2 wights (D:10)
  9 howler monkeys
  2 centaur zombies (D:10)
  5 bullfrog zombies
  8 crimson imps
  8 jellies
  2 quasits
  4 hounds
  9 orc wizards
  9 orc priests
  2 centaur skeletons
  2 gnoll shamans (D:6)
  Crazy Yiuf (D:2)
  3 iguanas
  Natasha (thrice) (D:4)
  9 worker ants
  A killer bee zombie (D:10)
  4 hound zombies
  3 hound skeletons
  A howler monkey zombie (D:9)
  Robin (D:3)
  15 gnolls
  2 worker ant zombies
  14 adders
  5 shadow imps
  An ooze (D:2)
  An adder zombie (D:5)
  3 adder skeletons
  4 worms
  3 dart slugs
  6 leopard geckos
  40 orcs
  3 ball pythons
  7 bats
  8 giant cockroaches
  18 goblins
  4 hobgoblins
  7 jackals (D:5)
  21 kobolds
  5 quokkas
  8 frilled lizards
  A jackal skeleton (D:5)
  A leopard gecko skeleton (D:6)
  A quokka zombie (D:6)
  10 rats
397 creatures vanquished.

Vanquished Creatures (others)
  Maurice (D:12)
  2 fungi (D:9)
3 creatures vanquished.

Grand Total: 400 creatures vanquished

Notes
Turn   | Place    | Note
-------+----------+-------------------------------------------
     0 | D:1      | Emblim88 the Troll Berserker began the quest for the Orb.
     0 | D:1      | Reached XP level 1. HP: 22/22 MP: 0/0
    86 | D:1      | Reached XP level 2. HP: 29/29 MP: 1/1
   375 | D:1      | Reached XP level 3. HP: 36/36 MP: 2/2
   536 | D:2      | Found a sparkling altar of Nemelex Xobeh.
   537 | D:2      | Found an iron altar of Okawaru.
   538 | D:2      | Found a deep blue altar of Sif Muna.
   540 | D:2      | Reached ** piety under Trog
   715 | D:2      | Reached skill level 4 in Unarmed Combat
   811 | D:2      | Reached XP level 4. HP: 41/44 MP: 3/3
  1004 | D:2      | Reached skill level 5 in Unarmed Combat
  1183 | D:2      | Found a runed translucent door.
  1184 | D:2      | Noticed Crazy Yiuf
  1280 | D:2      | Killed Crazy Yiuf
  1280 | D:2      | Reached XP level 5. HP: 40/52 MP: 4/4
  1380 | D:3      | Noticed a shapeshifter
  1380 | D:3      | a ball python changed into a shapeshifter
  1380 | D:3      | Noticed a golden eye
  1380 | D:3      | a shapeshifter changed into a golden eye
  1381 | D:3      | Killed a golden eye
  1381 | D:3      | Reached skill level 6 in Unarmed Combat
  1381 | D:3      | Reached XP level 6. HP: 54/59 MP: 5/5
  1393 | D:3      | Noticed Robin
  1407 | D:3      | Killed Robin
  1621 | D:3      | Reached *** piety under Trog
  2047 | D:4      | Found a staircase to the Ecumenical Temple.
  2173 | D:4      | Noticed Natasha
  2175 | D:4      | Killed Natasha
  2306 | D:4      | Reached XP level 7. HP: 60/67 MP: 6/6
  2338 | D:4      | Reached skill level 1 in Shields
  2402 | D:4      | Noticed Natasha
  2407 | D:4      | Killed Natasha
  2422 | D:4      | Noticed Natasha
  2433 | D:4      | Killed Natasha
  2466 | D:4      | Found a runed translucent gate.
  2467 | D:4      | Found a runed translucent gate.
  2467 | D:4      | Found a runed translucent gate.
  2474 | D:4      | Noticed mechatronicus's ghost (amateur MiMo)
  2474 | D:4      | Noticed Descartes's ghost (amateur FeTm)
  2474 | D:4      | Noticed Gildeon's ghost (amateur MiFi)
  2734 | D:5      | Entered Level 5 of the Dungeon
  2801 | D:5      | Noticed Sigmund
  2817 | D:5      | Reached **** piety under Trog
  2821 | D:5      | Killed Sigmund
  2821 | D:5      | Reached skill level 7 in Unarmed Combat
  3076 | D:5      | Found a hazy altar of Hepliaklqana.
  3203 | D:5      | Found a snail-covered altar of Cheibriados.
  3203 | D:5      | Found a sacrificial altar of Ru.
  3204 | D:5      | Found an ornate altar of the Wu Jian Council.
  3273 | D:5      | Reached XP level 8. HP: 78/78 MP: 7/7
  3555 | D:6      | Found a snail-covered altar of Cheibriados.
  3706 | D:6      | Reached skill level 8 in Unarmed Combat
  3830 | D:6      | Found Ysi Katz's Antique Weapon Emporium.
  3879 | D:6      | Found Hecu's Assorted Antiques.
  3885 | D:6      | Bought a blackened platinum amulet for 140 gold pieces
  3901 | D:6      | Found Sereut's Book Emporium.
  3904 | D:6      | Found Haxowen's Antique Armour Boutique.
  4005 | D:6      | Noticed Menkaure
  4011 | D:6      | Killed Menkaure
  4032 | D:6      | Found Lankopp's Antique Weapon Emporium.
  4313 | D:6      | Noticed Duvessa
  4313 | D:6      | Noticed Dowan
  4317 | D:6      | Killed Duvessa
  4317 | D:6      | Reached ***** piety under Trog
  4317 | D:6      | Reached skill level 5 in Dodging
  4317 | D:6      | Reached XP level 9. HP: 87/87 MP: 8/8
  4319 | D:6      | Killed Dowan
  4420 | D:7      | Reached skill level 5 in Fighting
  4421 | D:7      | Reached skill level 9 in Unarmed Combat
  4650 | D:7      | Found a basalt altar of Yredelemnul.
  4714 | D:7      | Identified the Reference Book on Hurtful Envenoming
  5193 | D:8      | Noticed a komodo dragon
  5217 | D:8      | Killed a komodo dragon
  5261 | D:8      | Received a gift from Trog
  5418 | D:8      | Found a snail-covered altar of Cheibriados.
  6088 | D:8      | Reached skill level 10 in Unarmed Combat
  6088 | D:8      | Reached XP level 10. HP: 98/98 MP: 9/9
  6190 | D:9      | Found a staircase to the Lair.
  6624 | D:9      | Found a transporter.
  6635 | D:9      | Found a transporter.
  6636 | D:9      | Noticed zeroring's ghost (novice FeTm)
  6706 | D:9      | Reached skill level 5 in Shields
  7305 | D:10     | Entered Level 10 of the Dungeon
  7364 | D:10     | Noticed a two-headed ogre
  7373 | D:10     | Killed a two-headed ogre
  7373 | D:10     | Received a gift from Trog
  7507 | D:10     | Reached skill level 11 in Unarmed Combat
  7779 | D:10     | Reached XP level 11. HP: 54/109 MP: 10/10
  7859 | D:10     | Noticed a skeletal warrior
  7875 | D:10     | Killed a skeletal warrior
  8893 | D:11     | Found Ajimedis's Book Shop.
  8914 | D:11     | Found a burning altar of Makhleb.
  8981 | D:11     | Reached ****** piety under Trog
  9006 | D:11     | Found a staircase to the Orcish Mines.
  9029 | D:11     | Found a gate leading to a gauntlet.
  9155 | D:11     | Killed an unseen horror
  9155 | D:11     | Reached skill level 12 in Unarmed Combat
  9403 | D:11     | Received a gift from Trog
  9650 | D:11     | Found a roughly hewn altar of Beogh.
  9684 | D:11     | Found a shadowy altar of Dithmenos.
 10063 | D:12     | Noticed a brown ugly thing
 10075 | D:12     | Killed a brown ugly thing
 10116 | D:12     | Noticed Fannar
 10121 | D:12     | Killed Fannar
 10125 | D:12     | Noticed a green ugly thing
 10135 | D:12     | Killed a green ugly thing
 10135 | D:12     | Reached XP level 12. HP: 108/123 MP: 11/11
 10202 | D:12     | Noticed Maurice
 10208 | D:12     | Noticed Nessos
 10210 | D:12     | Killed Maurice
 10222 | D:12     | Killed Nessos
 10919 | D:12     | Received a gift from Trog
 11433 | D:13     | Killed from afar by a deep elf mage

Skill      XL: |  1  2  3  4  5  6  7  8  9 10 11 |
---------------+----------------------------------+-----
Unarmed Combat | 4 5 6 7 8 10 11 12 | 12.9
Dodging        | 3 4 5 6 7 |  7.8
Fighting       | 3 4 6 7 9 |  9.7
Shields        | 2 3 4 5 6 |  6.9
Staves         | |  0.3
Stealth        | |  0.3

Action                   |  1- 3 |  4- 6 |  7- 9 | 10-12 || total
-------------------------+-------+-------+-------+-------++-------
Melee: Unarmed           |    91 |    46 |   381 |   656 ||  1174
       Quarterstaff      |       |   105 |       |       ||   105
Invok: Berserk           |       |     2 |     5 |    12 ||    19
       Trog's Hand       |       |       |     1 |     1 ||     2
Evoke: Wand              |       |       |       |     6 ||     6
  Use: Scroll            |       |       |     7 |    15 ||    22
       Potion            |       |       |     6 |    12 ||    18
 Stab: Sleeping          |       |     1 |       |       ||     1
  Eat: Chunk             |    13 |    16 |    33 |    35 ||    97
       Ration            |       |       |     2 |     7 ||     9
Armor: Animal skin       |    25 |    54 |    17 |       ||    96
       Robe              |       |       |    84 |   142 ||   226
Dodge: Dodged            |    55 |    86 |    93 |   214 ||   448
       Deflected         |       |       |     1 |     4 ||     5
Block: Shield            |       |       |   119 |   312 ||   431
